 Dungeon Crawl Stone Soup version 0.23-a0-171-g5ae17c6e89 (webtiles) character file.

5341 Holzbalken the Basher (level 10, 0/74 HPs)
             Began as a Demonspawn Gladiator on Sept 15, 2018.
             Was a Believer of Qazlal.
             Slain by a killer bee (1 damage)
             ... on level 10 of the Dungeon.
             The game lasted 00:40:46 (9324 turns).

Holzbalken the Basher (Demonspawn Gladiator)        Turns: 9324, Time: 00:40:47

Health: 0/74       AC: 13    Str: 18    XL:     10   Next: 38%
Magic:  14/14      EV:  8    Int:  9    God:    Qazlal [**....]
Gold:   553        SH:  2    Dex: 15    Spells: 9/9 levels left

rFire    + . .     SeeInvis .   H - +0 morningstar
rCold    . . .     Gourm    .   (no shield)
rNeg     + . .     Faith    .   m - +2 plate armour {rF+}
rPois    +         Spirit   .   c - +0 helmet
rElec    .         Reflect  .   (no cloak)
rCorr    .         Harm     .   (no gloves)
MR       .....                  (no boots)
Stlth    ..........             (no amulet)
HPRegen  0.22/turn              b - ring of positive energy
MPRegen  0.14/turn              G - ring of poison resistance

@: no status effects
A: talons 1, foul stench 1, powered by death 1, rot immunity, sturdy frame 2
a: Upheaval, Renounce Religion


You were on level 10 of the Dungeon.
You worshipped Qazlal.
Qazlal was pleased with you.
You were hungry.

You visited 2 branches of the dungeon, and saw 11 of its levels.

You collected 553 gold pieces.

Inventory:

Hand Weapons
 H - a +0 morningstar (weapon)
Missiles
 d - 3 throwing nets (quivered)
 o - 2 tomahawks of returning
Armour
 c - a +0 helmet (worn)
 m - a +2 plate armour of fire resistance (worn)
Jewellery
 b - a ring of positive energy (left hand)
 l - an uncursed ring of resist corrosion
 G - a ring of poison resistance (right hand)
Wands
 w - a wand of random effects (32)
 y - a wand of disintegration (14)
 z - a wand of flame (22)
Scrolls
 e - 3 scrolls of teleportation
 h - 5 scrolls of enchant weapon
 i - 2 scrolls of remove curse
 j - a scroll of holy word {unknown}
 p - 5 scrolls of identify
 u - a scroll of amnesia
 A - a scroll of blinking {unknown}
 D - a scroll of fear {unknown}
 F - a scroll of enchant armour
Potions
 g - a potion of curing
 k - a potion of berserk rage
 n - 2 potions of resistance
 q - a potion of agility {unknown}
 s - a potion of magic
 t - 5 potions of brilliance
 v - a potion of lignification {unknown}
 x - 2 potions of haste {unknown}
 B - 2 potions of degeneration {unknown}
 E - a potion of ambrosia {unknown}
Comestibles
 f - 14 rations


   Skills:
 + Level 5.0 Fighting
 * Level 12.8 Maces & Flails
 - Level 1.7 Throwing
 - Level 2.6 Dodging
 + Level 5.6 Invocations


You had 9 spell levels left.
You didn't know any spells.
Your spell library contained the following spells:

 Spells                   Type           Power        Failure   Level  Hunger
 Beastly Appendage        Tmut           #.....       99%         1    ##.....
 Magic Dart               Conj           #...         99%         1    ##.....
 Summon Butterflies       Summ           #.......     99%         1    ##.....
 Searing Ray              Conj           #.....       100%        2    ###....
 Sticks to Snakes         Tmut           #.......     100%        2    ###....
 Call Canine Familiar     Summ           #.......     100%        3    ####...
 Dazzling Spray           Conj/Hex       #.....       100%        3    ####...
 Spider Form              Tmut/Pois      #.........   100%        3    ####...
 Force Lance              Conj/Tloc      #.......     100%        4    #####..
 Fulminant Prism          Conj/Hex       #.........   100%        4    #####..
 Ice Form                 Ice/Tmut       #.......     100%        4    #####..
 Iskenderun's Mystic Bla  Conj           #.......     100%        4    #####..
 Summon Ice Beast         Ice/Summ       #.......     100%        4    #####..
 Blade Hands              Tmut           #.........   100%        5    ######.
 Summon Mana Viper        Hex/Summ       #.......     100%        5    ######.
 Summon Hydra             Summ           #.........   100%        7    #######


Dungeon Overview and Level Annotations

Branches:
Dungeon (10/15)            Temple (1/1) D:7            Lair (0/6) D:9
    Orc: D:9-12

Altars:
Ashenzari
Cheibriados
Dithmenos
Elyvilon
Fedhas
Gozag
Hepliaklqana
Kikubaaqudgha
Makhleb
Nemelex Xobeh
Okawaru
Qazlal
Ru
Sif Muna
Trog
Uskayaw
Vehumet
Wu Jian
Xom
Yredelemnul
Zin
The Shining One


Innate Abilities, Weirdness & Mutations

You have sharp toenails.
You may emit foul miasma when damaged in melee.
You regenerate a little health from kills.
You are immune to rotting.
Your movements are less encumbered by armour. (ER -4)


Message History

* * * LOW HITPOINT WARNING * * *
You closely miss the killer bee. The killer bee barely misses you.
You block the killer bee's attack.
You puncture the killer bee! You claw the killer bee.
The killer bee is severely wounded.
The killer bee stings you but does no damage.
The killer bee stings you.
* * * LOW HITPOINT WARNING * * *
You closely miss the killer bee. Your kick misses the killer bee.
The killer bee is severely wounded.
The killer bee stings you.
* * * LOW HITPOINT WARNING * * *
Your plate armour prevents you from hitting the killer bee.
Your kick misses the killer bee.
The killer bee is severely wounded.
The killer bee stings you but does no damage. x2
You barely miss the killer bee.
The killer bee is severely wounded.
The killer bee stings you.
You die...

#.## #..# ##.#
#####'## ####
#......#
.....##......#
#..'......#
####§y....#
#@§....#
########


You could see a killer bee.

Vanquished Creatures
  Pikel (D:4)
  2 hippogriffs
  A hungry ghost (D:9)
  A water moccasin (D:9)
  3 ice beasts
  4 orc warriors
  2 sky beasts (D:7)
  4 centaurs
  4 ogres
  2 phantoms
  Blork the orc (D:4)
  2 big kobolds
  4 bullfrogs
  A wyvern skeleton (D:9)
  A scorpion (D:8)
  10 killer bees
  7 wights
  3 howler monkeys
  A bullfrog zombie (D:6)
  A quasit (D:7)
  3 crimson imps
  3 orc priests
  3 bullfrog skeletons
  7 hounds
  A centaur skeleton (D:4)
  A jelly (D:6)
  9 orc wizards
  Ijyb (D:4)
  5 iguanas
  4 worker ants
  A hound skeleton (D:8)
  6 adders
  A shadow imp (D:5)
  An ooze (D:3)
  2 worms
  2 dart slugs (D:1)
  2 leopard geckos
  25 orcs
  8 bats
  2 giant cockroaches (D:1)
  3 hobgoblins
  3 jackals
  4 quokkas
  2 ball pythons (D:6)
  7 frilled lizards
  12 goblins
  14 kobolds
  2 quokka skeletons
  3 rats
192 creatures vanquished.

Vanquished Creatures (others)
  A slave (D:4)
  A bullfrog skeleton (D:4)
  An orc priest (D:4)
  An adder (D:4)
  An orc (D:4)
  A quokka (D:4)
  A frilled lizard (D:4)
7 creatures vanquished.

Grand Total: 199 creatures vanquished

Notes
Turn   | Place    | Note
-------+----------+-------------------------------------------
     0 | D:1      | Holzbalken the Demonspawn Gladiator began the quest for the
                  | Orb.
     0 | D:1      | Reached XP level 1. HP: 16/16 MP: 1/1
   100 | D:1      | Reached skill level 3 in Maces & Flails
   151 | D:1      | Gained mutation: Your movements are slightly less
                  | encumbered by armour. (ER -2) [demonic ancestry]
   151 | D:1      | Reached XP level 2. HP: 20/22 MP: 2/2
  1012 | D:2      | Reached skill level 4 in Maces & Flails
  1012 | D:2      | Reached XP level 3. HP: 2/27 MP: 3/3
  1356 | D:2      | Reached XP level 4. HP: 20/33 MP: 4/4
  1775 | D:2      | Found a basalt altar of Yredelemnul.
  2070 | D:2      | Found an opulent altar of Gozag.
  2140 | D:3      | Reached skill level 5 in Maces & Flails
  2229 | D:3      | Gained mutation: You have sharp toenails. [demonic
                  | ancestry]
  2229 | D:3      | Reached XP level 5. HP: 37/38 MP: 5/5
  3025 | D:4      | Found a burning altar of Makhleb.
  3132 | D:4      | Found a sparkling altar of Nemelex Xobeh.
  3132 | D:4      | Noticed Pikel
  3132 | D:4      | Noticed a slave
  3132 | D:4      | Noticed a slave
  3132 | D:4      | Noticed a slave
  3133 | D:4      | Noticed a slave
  3163 | D:4      | Killed Pikel
  3163 | D:4      | Reached skill level 7 in Maces & Flails
  3163 | D:4      | Gained mutation: You are immune to rotting. [demonic
                  | ancestry]
  3163 | D:4      | Reached XP level 6. HP: 34/44 MP: 6/6
  3163 | D:4      | Gained mutation: You regenerate a little health from kills.
                  | [demonic ancestry]
  3163 | D:4      | Reached XP level 7. HP: 39/50 MP: 7/7
  3211 | D:4      | Noticed Blork the orc
  3222 | D:4      | Killed Blork the orc
  3222 | D:4      | Reached skill level 8 in Maces & Flails
  3227 | D:4      | Found a hide-covered altar of Uskayaw.
  3279 | D:4      | Noticed Ijyb
  3363 | D:4      | Killed Ijyb
  4041 | D:5      | Entered Level 5 of the Dungeon
  4160 | D:5      | Reached skill level 9 in Maces & Flails
  4160 | D:5      | Gained mutation: Your movements are less encumbered by
                  | armour. (ER -4) [demonic ancestry]
  4160 | D:5      | Reached XP level 8. HP: 54/56 MP: 8/8
  4578 | D:5      | Found a shimmering altar of Xom.
  4580 | D:5      | Found a glowing golden altar of the Shining One.
  4580 | D:5      | Found a burning altar of Makhleb.
  4582 | D:5      | Found a hide-covered altar of Uskayaw.
  4582 | D:5      | Found an ancient bone altar of Kikubaaqudgha.
  4582 | D:5      | Found a shimmering altar of Xom.
  5293 | D:6      | Reached skill level 10 in Maces & Flails
  5825 | D:6      | Reached skill level 11 in Maces & Flails
  5885 | D:6      | Gained mutation: You may emit foul miasma when damaged in
                  | melee. [demonic ancestry]
  5885 | D:6      | Reached XP level 9. HP: 52/61 MP: 9/9
  6158 | D:7      | Found a staircase to the Ecumenical Temple.
  6176 | D:7      | HP: 3/61 [orc warrior/dire flail of protection (12)]
  6201 | Temple   | Entered the Ecumenical Temple
  6421 | Temple   | Became a worshipper of Qazlal Stormbringer
  6499 | D:7      | Found an ancient bone altar of Kikubaaqudgha.
  6620 | D:7      | Reached skill level 1 in Invocations
  7340 | D:8      | Reached skill level 12 in Maces & Flails
  7472 | D:8      | Found a glowing silver altar of Zin.
  7483 | D:8      | Found a shadowy altar of Dithmenos.
  7526 | D:8      | Found a shattered altar of Ashenzari.
  7539 | D:8      | Found an ornate altar of the Wu Jian Council.
  7553 | D:8      | Found a white marble altar of Elyvilon.
  7594 | D:8      | Reached * piety under Qazlal
  7951 | D:8      | Reached XP level 10. HP: 50/71 MP: 13/13
  8415 | D:9      | Got a transparent arbalest
  8579 | D:9      | Reached skill level 5 in Invocations
  8644 | D:9      | Reached ** piety under Qazlal
  8792 | D:9      | Found a staircase to the Lair.
  8982 | D:9      | Identified the +6 arbalest of Laqiz {speed, rN++} (You took
                  | it off an orc on level 9 of the Dungeon)
  9067 | D:9      | Found a glowing golden altar of the Shining One.
  9271 | D:10     | Entered Level 10 of the Dungeon
  9301 | D:10     | Reached skill level 5 in Fighting
  9315 | D:10     | HP: 3/74 [killer bee (5)]
  9322 | D:10     | HP: 1/74 [killer bee (5)]
  9324 | D:10     | Slain by a killer bee

Vault maps used:
D:1:      minmay_arrival_up_and_down, minmay_parallelograms
D:2:      nicolae_overflow_hidden_temple, hangedman_decor_peaks_small,
          minmay_misc_feat_columns, minmay_hexomino_r4
D:4:      kennysheep_the_goblin_king, nicolae_overflow_crystal_walls,
          makhleb_grotto_becter, nemelex_xobeh_ov_fountains_minmay,
          first_ration, grunt_decor_cap, uniq_pikel, uniq_blork_the_orc
D:5:      doesnt_xom_only_xom
D:7:      kennysheep_mini_moat, minmay_temple_entry_mist
D:8:      kennysheep_mini, nicolae_overflow_quartered_altars,
          minmay_strange_pillars
D:9:      tso_altar, lair_entry_dummy, blue_anna_alchemist,
          lightli_fourway_metalbox
D:10:     orc_david_3
Temple:   cyrus_temple_forest

Skill      XL: |  1  2  3  4  5  6  7  8  9 10 |
---------------+-------------------------------+-----
Maces & Flails | 3 4 5 7 9 11 12 | 12.8
Invocations    | 4 5 |  5.6
Fighting       | 4 5 |  5.0
Throwing       | |  1.7
Dodging        | |  2.6

Action                   |  1- 3 |  4- 6 |  7- 9 | 10-12 || total
-------------------------+-------+-------+-------+-------++-------
Melee: Flail             |    85 |   138 |   522 |   117 ||   862
       Kick              |       |    14 |   155 |    50 ||   219
       Morningstar       |       |       |       |    35 ||    35
Throw: Tomahawk          |       |       |     1 |       ||     1
  Use: Scroll            |       |    15 |     1 |       ||    16
       Potion            |       |     1 |     3 |     5 ||     9
 Stab: Sleeping          |     1 |       |       |       ||     1
  Eat: Chunk             |     1 |     6 |     9 |     6 ||    22
       Ration            |       |       |     2 |       ||     2
Armor: Leather armour    |     9 |       |       |       ||     9
       Chain mail        |    34 |    69 |       |       ||   103
       Plate armour      |       |    22 |   292 |    93 ||   407
Dodge: Dodged            |    48 |    68 |   197 |    83 ||   396
Block: Other             |       |       |     2 |    11 ||    13

Table legend:
 A = Non-vault XP
 B = Vault XP
 C = Vault XP percentage of total XP
 D = Non-vault monster count
 E = Vault monster count
 F = Vault count percentage of total count
                 A         B        C        D         E       F
            +---------+---------+-------+---------+---------+-------
      Total |    6582 |    1048 |  13.7 |     175 |      17 |   8.9
            +---------+---------+-------+---------+---------+-------
        D:1 |      35 |       0 |   0.0 |      19 |       0 |   0.0
        D:2 |     107 |      11 |   9.3 |      16 |       4 |  20.0
        D:3 |      66 |       0 |   0.0 |      11 |       0 |   0.0
        D:4 |     289 |     835 |  74.3 |      13 |      10 |  43.5
        D:5 |     351 |       0 |   0.0 |      11 |       0 |   0.0
        D:6 |    1232 |       0 |   0.0 |      26 |       0 |   0.0
        D:7 |    1458 |       0 |   0.0 |      20 |       0 |   0.0
        D:8 |    1280 |       0 |   0.0 |      34 |       0 |   0.0
        D:9 |    1459 |     202 |  12.2 |      20 |       3 |  13.0
       D:10 |     305 |       0 |   0.0 |       5 |       0 |   0.0
            +---------+---------+-------+---------+---------+-------
